 Dungeon Crawl Stone Soup version 0.20-a0-850-ge5a7832 (webtiles) character file.

5072 nubinia the Thaumaturge (level 10, -2/54 HPs)
             Began as a Deep Elf Necromancer on Mar 10, 2017.
             Was a Follower of Ashenzari.
             Killed from afar by Erica (27 damage)
             ... with a bolt of poison
             ... on level 8 of the Dungeon.
             The game lasted 01:11:33 (8908 turns).

nubinia the Thaumaturge (Deep Elf Necromancer)      Turns: 8908, Time: 01:11:34

Health: -2/54      AC:  6    Str: 10    XL:     10   Next: 31%
Magic:  22/28      EV: 15    Int: 22    God:    Ashenzari [*.....]
Gold:   566        SH:  0    Dex: 17    Spells: 16/33 levels left

rFire    + + .     SeeInvis .   d - +3 dagger (speed) (curse)
rCold    . . .     Gourm    .   q - +0 robe {rC+ rF+}
rNeg     . . .     Faith    .   (no shield)
rPois    .         Spirit   .   (no helmet)
rElec    .         Reflect  .   i - scarf {repulsion}
rCorr    .         Harm     .   (no gloves)
MR       +....                  (no boots)
Stlth    +++.......             (no amulet)
Regen    1.2/turn               t - ring of fire (curse)
MPRegen  0.3/turn               n - +4 ring of protection (curse)

@: mighty, lethally poisoned (-2 -> -3), very slightly contaminated,
regenerating, hasted, repel missiles, very quick
A: no striking features
a: Curse Item, Scrying, Renounce Religion


You were on level 8 of the Dungeon.
You worshipped Ashenzari.
Ashenzari was aware of your devotion.
You were not hungry.

You visited 2 branches of the dungeon, and saw 10 of its levels.
You also visited: Sewer.

You collected 566 gold pieces.

Inventory:

Hand Weapons
 d - a cursed +3 dagger of speed (weapon)
 j - a +3 dagger
 y - a +1 dagger of venom
Armour
 a - a +0 robe
 i - a scarf of repulsion (worn)
 k - a +1 robe of fire resistance
 q - a +0 robe of resistance (worn)
 s - a +1 leather armour of cold resistance
 v - a +0 cloak
 E - a +0 leather armour of poison resistance
Jewellery
 n - a cursed +4 ring of protection (left hand)
 t - a cursed ring of fire (right hand)
 N - an uncursed ring of positive energy
Wands
 m - a wand of polymorph (5/24)
 A - a wand of polymorph (5/24)
 F - a wand of disintegration (9/24)
 O - a wand of random effects (12/48)
Scrolls
 f - 2 scrolls of amnesia
 l - a scroll of identify
 p - 4 scrolls of recharging
 r - 2 scrolls of magic mapping
 w - 8 scrolls of teleportation
 H - a scroll of fog
 L - a scroll of enchant weapon
 M - a scroll of remove curse
 P - a scroll of blinking {unknown}
 Q - a scroll of holy word {unknown}
Potions
 h - a potion of heal wounds
 o - 2 potions of haste
 x - a potion of mutation
 z - 3 potions of curing
 B - 2 potions of brilliance
 D - a potion of ambrosia
 G - a potion of flight
 I - a potion of lignification
Books
 b - a book of Necromancy

   Spells                             Type                      Level
   a - Pain                           Necromancy                   1
   b - Animate Skeleton               Necromancy                   1
   c - Vampiric Draining              Necromancy                   3
   d - Regeneration                   Charms/Necromancy            3
   e - Animate Dead                   Necromancy                   4
   f - Control Undead                 Necromancy                   4
 C - a book of Minor Magic

   Spells                             Type                      Level
   a - Magic Dart                     Conjuration                  1
   b - Blink                          Translocation                2
   c - Call Imp                       Summoning                    2
   d - Slow                           Hexes                        2
   e - Conjure Flame                  Conjuration/Fire             3
   f - Mephitic Cloud                 Conjuration/Poison/Air       3
 K - a book of Debilitation

   Spells                             Type                      Level
   a - Corona                         Hexes                        1
   b - Slow                           Hexes                        2
   c - Inner Flame                    Hexes/Fire                   3
   d - Portal Projectile              Hexes/Translocation          3
   e - Cause Fear                     Hexes                        4
   f - Leda's Liquefaction            Hexes/Earth                  4
Comestibles
 c - 7 bread rations
 g - 4 meat rations
 J - a royal jelly


   Skills:
 + Level 2.4 Fighting
 + Level 5.0 Short Blades
 + Level 4.7 Dodging
 + Level 6.2 Stealth
 + Level 12.2 Spellcasting
 + Level 2.3 Charms
 + Level 11.1 Necromancy
 + Level 0.2 Evocations


You had 16 spell levels left.
You knew the following spells:

 Your Spells              Type           Power        Failure   Level  Hunger
a - Pain                  Necr           ####         1%          1    None
b - Vampiric Draining     Necr           ######....   1%          3    None
c - Control Undead        Necr           ######....   1%          4    None
d - Animate Dead          Necr           N/A          1%          4    None
e - Magic Dart            Conj           ##..         6%          1    None
r - Regeneration          Chrm/Necr      #####.....   1%          3    None
S - Animate Skeleton      Necr           N/A          1%          1    None


Dungeon Overview and Level Annotations

Branches:
Dungeon (9/15)             Temple (1/1) D:6
   Lair: D:8-11         Orc: D:9-12

Altars:
Ashenzari
Cheibriados
Dithmenos
Elyvilon
Fedhas
Gozag
Kikubaaqudgha
Makhleb
Okawaru
Qazlal
Ru
Trog
Uskayaw
Xom
Yredelemnul
Zin
The Shining One
Jiyva

Annotations:
D:8 Erica, Joseph
D:9 exclusions: orc, orc priest and yak


Message History

Aiming: Vampiric Draining
Press: ? - help, Shift-Dir - straight line You feel life coursing into your body.
Something hits you. Magic courses through your body.
Casting: Vampiric Draining
Confirm with . or Enter, or press ? or * to list all spells.
Aiming: Vampiric Draining
Press: ? - help, Shift-Dir - straight line You feel life coursing into your body.
Something hits you!
Casting: Vampiric Draining
Confirm with . or Enter, or press ? or * to list all spells.
Aiming: Vampiric Draining
Press: ? - help, Shift-Dir - straight line You feel life coursing into your body.
You hear some strange, mumbled words.
A bolt of poison appears from out of thin air!
The bolt of poison hits you!
You are poisoned.
Ouch! That really hurt!
You die...

#...........Z..)....
#..##.......#######.
##############.........#.#
#.
#...............####.#...#
#. ....##########.###
#.###.# #. #.#.# #.....#
#.# #.# #. ###.#
#.###.###.# #.# ##. #.#
#.# #...#.###.# #.# #<#
#.###@........# ##. #.#
#....{....###### #.. #.#
#.#.#........... .... #.#
#.#.......###### ###?. #.#
#....#.....# ... #.#
###..###...# ##.. #.#
#.#...#..# #.. ###.#
#........# #... ....#
###......# ###.#@.$.


There were no monsters in sight!

Vanquished Creatures
  Pikel (D:5)
  Grinder (D:3)
  4 yaks
  Eustachio (D:6)
  Menkaure (D:5)
  2 orc warriors
  2 sky beasts
  A swamp drake (D:5)
  A slave (D:5)
  2 black bears
  A necrophage (D:7)
  2 ogres
  A phantom (D:9)
  2 centaurs
  Blork the orc (D:6)
  9 bullfrogs
  3 scorpions
  A jelly (D:6)
  A bullfrog zombie (D:6)
  A centaur zombie (D:7)
  2 hounds
  An orc priest (D:8)
  Crazy Yiuf (D:3)
  Jessica (D:2)
  3 orc wizards
  Ijyb (D:2)
  5 iguanas
  10 worker ants
  4 hound skeletons
  7 adders
  6 river rats
  2 shadow imps (D:6)
  An ooze (D:4)
  6 worms
  2 dart slugs
  6 leopard geckos
  23 orcs
  3 ball pythons
  8 bats
  7 giant cockroaches
  8 goblins
  4 hobgoblins
  8 jackals
  4 quokkas
  11 frilled lizards
  A jackal skeleton (D:8)
  5 kobolds
  A leopard gecko skeleton (D:4)
  2 quokka skeletons (D:4)
  14 rats
195 creatures vanquished.

Vanquished Creatures (collateral kills)
  A hippogriff (D:7)
  A wraith (D:8)
  An orc warrior (D:8)
  A sky beast (D:8)
  A slave (D:5)
  2 ogres
  A phantom (D:5)
  3 bullfrogs
  2 crimson imps (D:6)
  A centaur skeleton (D:5)
  A hound (D:7)
  2 orc wizards
  A bullfrog skeleton (D:6)
  2 orc priests
  An iguana (D:6)
  2 worker ants
  A howler monkey skeleton (D:8)
  4 adders
  A worm (D:3)
  2 dart slugs
  A leopard gecko (D:7)
  6 orcs
  A hobgoblin (D:3)
  3 jackals
  A quokka (D:7)
  A frilled lizard (Sewer)
  A rat (D:1)
45 creatures vanquished.

Vanquished Creatures (others)
  A slave (D:5)
  A human (D:9)
2 creatures vanquished.

Grand Total: 242 creatures vanquished

Notes
Turn   | Place    | Note
-------+----------+-------------------------------------------
     0 | D:1      | nubinia the Deep Elf Necromancer began the quest for the Orb.
     0 | D:1      | Reached XP level 1. HP: 10/10 MP: 6/6
     2 | D:1      | Learned a level 1 spell: Animate Skeleton
    43 | D:1      | Reached skill level 5 in Necromancy
   201 | D:1      | Reached XP level 2. HP: 12/15 MP: 6/8
   880 | D:2      | Reached XP level 3. HP: 18/19 MP: 6/10
  1016 | D:1      | Learned a level 3 spell: Vampiric Draining
  1159 | D:2      | Noticed Ijyb
  1169 | D:2      | Killed Ijyb
  1169 | D:2      | Reached skill level 4 in Spellcasting
  1209 | D:2      | Reached XP level 4. HP: 19/24 MP: 6/12
  1289 | D:2      | Noticed Jessica
  1309 | D:2      | Killed Jessica
  1355 | D:2      | Found a basalt altar of Yredelemnul.
  1532 | D:2      | Reached skill level 5 in Spellcasting
  1721 | D:2      | Learned a level 4 spell: Control Undead
  1725 | D:2      | Learned a level 3 spell: Regeneration
  1783 | D:3      | Reached XP level 5. HP: 22/28 MP: 3/14
  1976 | D:3      | Found a runed door.
  2040 | D:3      | Noticed Crazy Yiuf
  2045 | D:3      | Killed Crazy Yiuf
  2438 | D:3      | Noticed Grinder
  2486 | D:3      | Killed Grinder
  2486 | D:3      | Reached skill level 1 in Short Blades
  2486 | D:3      | Reached XP level 6. HP: 17/33 MP: 14/16
  2772 | D:3      | Learned a level 4 spell: Animate Dead
  2832 | D:4      | Reached skill level 6 in Spellcasting
  3080 | D:4      | Reached skill level 1 in Fighting
  3097 | D:4      | Reached XP level 7. HP: 32/38 MP: 12/18
  3465 | D:4      | Reached skill level 7 in Spellcasting
  3490 | D:4      | Found a blossoming altar of Fedhas.
  3551 | D:5      | Entered Level 5 of the Dungeon
  3585 | D:5      | Found a glowing drain.
  3622 | Sewer    | Entered a sewer
  4152 | D:5      | Noticed Menkaure
  4519 | D:5      | Noticed Edmund
  4521 | D:5      | Noticed Edmund
  4521 | D:5      | Edmund changed into Edmund the swamp drake
  4874 | D:5      | Noticed Pikel
  4935 | D:5      | Killed Pikel
  4935 | D:5      | Reached skill level 8 in Spellcasting
  4935 | D:5      | Reached skill level 1 in Charms
  4935 | D:5      | Reached XP level 8. HP: 43/43 MP: 12/22
  4965 | D:5      | Killed Edmund the swamp drake
  5054 | D:5      | Killed Menkaure
  5123 | D:6      | Reached skill level 9 in Spellcasting
  5143 | D:6      | Noticed Blork the orc
  5152 | D:6      | Killed Blork the orc
  5269 | D:6      | Found a staircase to the Ecumenical Temple.
  5355 | Temple   | Entered the Ecumenical Temple
  5485 | Temple   | Became a worshipper of Ashenzari the Shackled
  5501 | Temple   | Learned a level 1 spell: Magic Dart
  5832 | D:6      | Reached skill level 5 in Stealth
  6001 | D:6      | Reached XP level 9. HP: 43/47 MP: 18/24
  6185 | D:6      | Noticed Eustachio
  6196 | D:6      | Killed Eustachio
  6196 | D:6      | Reached skill level 10 in Spellcasting
  6215 | D:7      | Found an iron altar of Okawaru.
  6459 | D:7      | Found an opulent altar of Gozag.
  6557 | D:7      | Reached * piety under Ashenzari
  6711 | D:7      | Reached skill level 11 in Spellcasting
  6736 | D:7      | Reached skill level 10 in Necromancy
  6939 | D:7      | Found a bloodstained altar of Trog.
  7376 | D:8      | Reached skill level 5 in Short Blades
  7418 | D:8      | Found a snail-covered altar of Cheibriados.
  7418 | D:8      | Noticed Joseph
  7559 | D:8      | Noticed Erica
  7606 | D:8      | Reached XP level 10. HP: 15/53 MP: 11/27
  8303 | D:9      | Found an ancient bone altar of Kikubaaqudgha.
  8493 | D:9      | Reached skill level 12 in Spellcasting
  8908 | D:8      | Killed from afar by Erica

Vault maps used:
D:1:      tarquinn_simple_flora_water_a, serial_forest,
          infiniplex_forest_straight_4, infiniplex_forest_clump_large,
          infiniplex_forest_lined_room_3, infiniplex_forest_straight_4,
          infiniplex_forest_lined_room_2, infiniplex_forest_lined_corner,
          infiniplex_forest_zigzag_2, infiniplex_forest_straight_1,
          infiniplex_forest_clump_medium
D:2:      lemuel_doored_altar, uniq_jessica, uniq_iyjb
D:3:      uniq_crazy_yiuf_cottage, uniq_grinder
D:4:      kennysheep_mini_moat, first_bread, st_stairs_13
D:5:      gup_sewer_entry_bubbles, uniq_pikel, uniq_menkaure, uniq_edmund
D:6:      minmay_temple_entry_overgrown, uniq_eustachio, uniq_blork_the_orc
D:7:      overflow_temple_1_default, lightli_temple_of_fire, old_standard_altar
D:8:      overflow_temple_1_default, uniq_erica, uniq_joseph
D:9:      minitemple, grunt_livestock, tgw_kikubaaqudgha
Temple:   pf_slime_end_temple
Sewer:    sewer_co_cracked_pipes

Skill      XL: |  1  2  3  4  5  6  7  8  9 10 |
---------------+-------------------------------+-----
Necromancy     | 5 6 7 8 9 10 11 | 11.1
Spellcasting   | 4 5 6 8 9 11 12 | 12.2
Short Blades   | 1 2 3 5 |  5.0
Dodging        | 3 4 |  4.7
Stealth        | 3 4 5 6 |  6.2
Fighting       | 1 2 |  2.4
Charms         | 1 2 |  2.3
Evocations     | |  0.2

Action                   |  1- 3 |  4- 6 |  7- 9 | 10-12 || total
-------------------------+-------+-------+-------+-------++-------
Melee: Dagger            |     7 |   182 |   470 |   130 ||   789
 Cast: Pain              |    46 |    50 |    69 |    18 ||   183
       Animate Skeleton  |    10 |    18 |    14 |     2 ||    44
       Vampiric Draining |     1 |    10 |    48 |    37 ||    96
       Regeneration      |       |     3 |    11 |     1 ||    15
       Animate Dead      |       |     5 |    37 |    12 ||    54
       Control Undead    |       |     1 |     9 |     1 ||    11
       Magic Dart        |       |       |    19 |     9 ||    28
Invok: Curse Item        |       |       |     3 |       ||     3
Evoke: Wand              |       |       |     3 |     3 ||     6
  Use: Scroll            |     2 |     2 |    11 |     1 ||    16
       Potion            |       |     3 |     9 |     3 ||    15
 Stab: Sleeping          |     1 |     4 |    20 |     2 ||    27
       Distracted        |       |     2 |     5 |       ||     7
       Confused          |       |       |     3 |       ||     3
  Eat: Chunk             |     1 |     7 |    17 |     5 ||    30
       Royal jelly       |       |       |     1 |       ||     1
Armor: Robe              |       |    30 |    67 |    17 ||   114
       Skin              |       |     7 |     8 |       ||    15
Dodge: Dodged            |    11 |    76 |   218 |    78 ||   383
       Deflected         |       |       |     1 |     2 ||     3
